 Dungeon Crawl Stone Soup version 0.31-a0-810-ga77100ea1a (webtiles) character file.

Game seed: 4124493100937669570

161 Newt the Shooter (level 5, 0/35 HPs)
             Began as a Kobold Hunter on Sept 21, 2023.
             Slain by a goblin
             ... wielding a +0 dagger
             ... led by Robin
              (1 damage)
             ... on level 4 of the Dungeon.
             The game lasted 00:03:04 (2870 turns).

Newt the Shooter (Kobold Hunter)                    Turns: 2870, Time: 00:03:04

Health: 0/35       AC: -4    Str:  8    XL:     5   Next: 70%
Magic:  5/5        EV: 14    Int: 10    God:
Gold:   132        SH:  0    Dex: 21    Spells: 4/4 levels left

rFire   . . .        a - +0 shortbow
rCold   . . .        (shield currently unavailable)
rNeg    . . .        c - +0 leather armour
rPois   .            (no helmet)
rElec   .            (no cloak)
rCorr   .            (no gloves)
SInv    .            m - +0 pair of boots
Will    .....        (no amulet)
Stlth   +++          h - ring of wizardry
HPRegen 0.25/turn    (no ring)
MPRegen 0.09/turn

%: wizardry (x1)
@: corroded
A: small, no large weapons, nightstalker 3
a: no special abilities


You were on level 4 of the Dungeon.
You visited 1 branch of the dungeon, and saw 4 of its levels.

You collected 132 gold pieces.

Inventory:

Hand Weapons
 a - a +0 shortbow (weapon)
Armour
 c - a +0 leather armour (worn)
 l - a +0 ring mail of fire resistance
 m - a +0 pair of boots (worn)
Jewellery
 g - a ring of fire
 h - a ring of wizardry (left hand)
Wands
 k - a wand of paralysis (19)
Scrolls
 n - a scroll of enchant armour {unknown}
 o - a scroll of identify
Potions
 d - 2 potions of enlightenment
 e - a potion of heal wounds {unknown}
 f - a potion of berserk rage {unknown}
 i - a potion of curing {unknown}
 j - a potion of might {unknown}
 p - 2 potions of ambrosia {unknown}


   Skills:
 - Level 5.0 Fighting
 + Level 6.6 Ranged Weapons
 - Level 2.4 Dodging
 - Level 1.3 Stealth


You had 4 spell levels left.
You didn't know any spells.
Your spell library contained the following spells:

 Spells                   Type           Power      Damage    Failure   Level
 Shock                    Conj/Air       0%         1d3       22%         1
 Cigotuvi's Dreadful Rot  Necr/Pois/Air  0%         N/A       32%         2
 Call Canine Familiar     Summ           0%         N/A       52%         3
 Gell's Gravitas          Tloc           0%         N/A       52%         3
 Ignite Poison            Fire/Tmut/Pois 0%         N/A       52%         3
 Sigil of Binding         Hex            0%         N/A       52%         3
 Swiftness                Air            0%         N/A       52%         3
 Teleport Other           Tloc           0%         N/A       52%         3
 Airstrike                Air            0%         2d(0-16)  89%         4
 Dimensional Bullseye     Hex/Tloc       0%         N/A       89%         4
 Leda's Liquefaction      Hex/Erth       0%         N/A       89%         4
 Freezing Cloud           Conj/Ice/Air   0%         6-21      99%         5
 Dispersal                Tloc           0%         N/A       100%        6


Dungeon Overview and Level Annotations

Branches:
Dungeon (4/15)             Temple (0/1) D:4

Altars:

Shops:
D:1 :

Annotations:
D:4 Robin


Innate Abilities, Weirdness & Mutations

You are small and have problems with some larger weapons.
You are completely attuned to the shadows.


Message History

You swap places.
The hobgoblin no longer looks unusually strong.
The jelly barely misses your butterfly.
Unknown command.
You swap places.
The jelly closely misses your butterfly.
You swap places.
Unknown command.
You swap places.
You start resting.
Something closely misses your butterfly.
An iguana is nearby!
A goblin comes into view. It is wielding a +0 club.
A goblin comes into view. It is wielding a +0 dagger.
The goblin shouts!
The jelly hits your butterfly.
Your butterfly dies!
Your butterfly disappears in a burst of colours!
Fire: a) +0 shortbow
Press: ? - help, Shift-Dir - straight line, f - goblin, p - jelly
Aim: a goblin, wielding a +0 club (61% to hit)
You shoot an arrow. The arrow barely misses the goblin.
The jelly misses your butterfly. The goblin hits you with a +0 club.
* * * LOW HITPOINT WARNING * * *
Unknown command.
Unknown command.
You shoot an arrow. The arrow barely misses the goblin.
The jelly hits your butterfly.
Your butterfly dies!
Your butterfly disappears in a burst of colours!
The goblin misses you. The goblin closely misses you.
Unknown command.
You shoot an arrow. The arrow misses the goblin.
The iguana bites your butterfly!
Your butterfly dies!
Your butterfly disappears in a burst of colours!
The goblin hits you with a +0 club.
* * * LOW HITPOINT WARNING * * *
The goblin hits you with a +0 dagger.
You die...

*>,,,,,,,,,,,,******,,......
*,*,,********,*,,,**,.......
*,**,,,,,,,,,,,,,,,+........
*,************,,,,*#........ *,*
*,...##........ *,********
*#...#*....>... *,*,,,,,,*
#...####...#..
*,*,,,,..######..b..##...#[.
******,*,,,,...g@b.lgb....#...#..
,,,,,,,,,,,,...g####J...#....)#..
,****,,,,,,,....* #.l).......#**
,,,,,,,,,,,,....* #.###b.....#
~~~~~~~~,,,,....*###l###......#
,,,,,,,~,,,,....##..gg...##'###
,***,*,~,,,,....#.gg.b...#*.#
,*,,,*,~,,,,...g..#..b.g.**,**
,*,_,*,~,,,,.....###.....,*,,***


You could see an iguana, a jelly (ally target), a hobgoblin and 2 goblins.

Vanquished Creatures
  An iguana (D:4)
  4 adders (D:3)
  2 worms
  4 dart slugs
  5 orcs (D:3)
  4 ball pythons (D:1)
  5 bats
  6 endoplasms
  2 giant cockroaches (D:2)
  7 goblins
  7 hobgoblins
  3 jackals (D:2)
  11 kobolds
  A quokka (D:1)
  4 frilled lizards
  12 rats
78 creatures vanquished.

Notes
Turn   | Place    | Note
-------+----------+-------------------------------------------
     0 | D:1      | Newt the Kobold Hunter began the quest for the Orb.
     0 | D:1      | Reached XP level 1. HP: 12/12 MP: 1/1
    67 | D:1      | Reached XP level 2. HP: 18/18 MP: 2/2
   330 | D:1      | Reached XP level 3. HP: 15/23 MP: 3/3
   618 | D:1      | Found Sesk's Book Boutique.
   979 | D:2      | Reached XP level 4. HP: 30/30 MP: 4/4
  2061 | D:3      | Reached skill level 5 in Fighting
  2153 | D:3      | Reached XP level 5. HP: 35/35 MP: 5/5
  2248 | D:3      | Reached skill level 6 in Ranged Weapons
  2845 | D:4      | Noticed Robin
  2870 | D:4      | HP: 1/35 [goblin/+0 club[Robin] (5)]
  2870 | D:4      | Slain by a goblin

Illustrated notes

Levels and vault maps discovered:
D:1:      ncdulo_halloftheorcs, layout_loops_ring, serial_shops,
          nicolae_shop_gibbet_a_chance, serial_bayou_pond_d
D:2:      layout_basic, chequers_serial_rivers_small_a
D:3:      layout_loops_ring
D:4:      layout_basic, mainiacjoe_overflow_brackets, temple_pool_b,
          enter_ossuary_5, uniq_robin, uniq_menkaure, uniq_ijyb

Skill      XL: |  1  2  3  4  5 |
---------------+----------------+-----
Fighting       | 3 4 5 |  5.0
Ranged Weapons | 6 |  6.6
Dodging        | |  2.4
Stealth        | |  1.3

Action                     |  1- 3 |  4- 6 || total
---------------------------+-------+-------++-------
   Fire: Shortbow          |    94 |   111 ||   205
    Use: Scroll            |     2 |     3 ||     5
 Armour: Leather armour    |    15 |    40 ||    55
  Dodge: Dodged            |    27 |    39 ||    66

Table legend: (Time is in decaauts)
 A = Elapsed time spent in this place.
 B = Non-inter-level travel time spent in this place.
 C = Inter-level travel time spent in this place.
 D = Time resting spent in this place.
 E = Time spent auto-exploring this place.
 F = Levels seen in this place.
 G = Mean time per level.
                   A        B        C        D        E       F      G
               +--------+--------+--------+--------+--------+-----+--------+
         Total |   2906 |   2730 |    176 |     74 |   2239 |   4 |  726.5 |
       Dungeon |   2906 |   2730 |    176 |     74 |   2239 |   4 |  726.5 |
               +--------+--------+--------+--------+--------+-----+--------+

Top non-repeatable levels by time:
     D:2: 1078 daAuts
     D:3: 874 daAuts
     D:1: 804 daAuts
     D:4: 150 daAuts
